 Dungeon Crawl Stone Soup version 0.24.0-28-g17ded55e90 (webtiles) character file.

Game seed: 14776780909140825282, levelgen mode: deterministic

1241 Nivan the Conjurer (level 8, -13/62 HPs)
             Began as a Grey Draconian Conjurer on Nov 12, 2019.
             Was a Follower of Vehumet.
             Mangled by a troll (15 damage)
             ... on level 6 of the Dungeon.
             The game lasted 00:18:03 (5698 turns).

Nivan the Conjurer (Grey Draconian Conjurer)        Turns: 5698, Time: 00:18:04

Health: -13/62     AC: 11    Str: 11    XL:     8   Next: 25%
Magic:  2/16       EV: 15    Int: 17    God:    Vehumet [*.....]
Gold:   272        SH:  0    Dex: 12    Spells: 15/18 levels left

rFire    . . .     SeeInvis .   A - +8 quarterstaff of the Dungeon {crush, rElec rN+ Stlth-}
rCold    . . .     Gourm    +   (shield currently unavailable)
rNeg     + . .     Faith    .   (armour unavailable)
rPois    +         Spirit   .   (helmet restricted)
rElec    +         Reflect  .   (no cloak)
rCorr    .         Harm     .   (no gloves)
MR       .....                  (no boots)
Stlth    +.........             j - amulet of the gourmand
HPRegen  0.20/turn              g - +2 ring of evasion
MPRegen  0.15/turn              e - ring of poison resistance

@: no status effects
A: walk through water, unfitting armour, unbreathing, cold-blooded, AC +11
a: Renounce Religion


You were on level 6 of the Dungeon.
You worshipped Vehumet.
Vehumet was aware of your devotion.
You were completely stuffed.

You visited 2 branches of the dungeon, and saw 7 of its levels.

You collected 272 gold pieces.

Inventory:

Hand Weapons
 a - a +0 club
 p - a +1 mace
 A - the +8 quarterstaff of the Dungeon (weapon) {crush, rElec rN+ Stlth-}
   (You found it on level 5 of the Dungeon)

   It inflicts extra damage upon your enemies.
   It insulates you from electricity.
   It protects you from negative energy.
   It makes you less stealthy.
Jewellery
 e - a ring of poison resistance (right hand)
 g - a +2 ring of evasion (left hand)
 j - an amulet of the gourmand (around neck)
 k - an uncursed ring of resist corrosion
Wands
 x - a wand of flame (28)
Scrolls
 c - a scroll of random uselessness
 d - 5 scrolls of identify
 i - a scroll of enchant armour
 q - 4 scrolls of remove curse
 s - a scroll of magic mapping
 t - a scroll of immolation
 v - 2 scrolls of blinking
 y - a scroll of fear
Potions
 f - a potion of magic {unknown}
 h - 2 potions of mutation {unknown}
 l - 2 potions of heal wounds {unknown}
 m - 2 potions of agility {unknown}
 n - a potion of flight {unknown}
 o - a potion of lignification {unknown}
 r - 2 potions of cancellation {unknown}
 u - a potion of curing {unknown}
 w - a potion of brilliance {unknown}
 z - 2 potions of resistance {unknown}
Comestibles
 b - 16 rations


   Skills:
 + Level 2.5 Fighting
 + Level 2.8(3.1) Maces & Flails
 + Level 2.0(2.7) Staves
 + Level 3.2 Dodging
 + Level 2.8 Stealth
 + Level 5.5 Spellcasting
 + Level 6.7 Conjurations


You had 15 spell levels left.
You knew the following spells:

 Your Spells              Type           Power        Failure   Level  Hunger
a - Magic Dart            Conj           ####         1%          1    None
b - Searing Ray           Conj           ####..       1%          2    #......

Your spell library contained the following spells:

 Spells                   Type           Power        Failure   Level  Hunger
 Flame Tongue             Conj/Fire      ###..        3%          1    None
 Iskenderun's Mystic Bla  Conj           ####....     9%          4    ####...
 Dazzling Spray           Conj/Hex       ###...       10%         3    ##.....
 Force Lance              Conj/Tloc      ###.....     32%         4    ####...
 Fulminant Prism          Conj/Hex       ###.......   32%         4    ####...


Dungeon Overview and Level Annotations

Branches:
Dungeon (6/15)             Temple (1/1) D:4

Altars:
Cheibriados
Dithmenos
Elyvilon
Fedhas
Gozag
Hepliaklqana
Nemelex Xobeh
Okawaru
Qazlal
Ru
Sif Muna
Uskayaw
Vehumet
Wu Jian
Xom
Yredelemnul
The Shining One

Shops:
D:4 (

Annotations:
D:4 1 transporter


Innate Abilities, Weirdness & Mutations

You can walk through water.
Your dull iron-grey scales are very hard. (AC +11)
You cannot fit into any form of body armour.
You can survive without breathing.
You are cold-blooded and may be slowed by cold attacks.


Message History

The troll is severely wounded.
The troll misses you. The troll closely misses you. The troll claws you.
You barely miss the troll.
The troll is severely wounded.
The troll barely misses you. x3; The troll bites you!
The troll claws you. The troll closely misses you.
You sock the troll!
The troll is almost dead.
The troll closely misses you. The troll claws you! The troll claws you.
You thump the troll!
You kill the troll!
Vehumet accepts your kill.
You feel your power returning.
Your Staves skill increases to level 2!
You barely miss the troll.
The troll is moderately wounded.
The troll bites you!!
* * * LOW HITPOINT WARNING * * *
The troll closely misses you. x2; The troll bites you!
You die...

## ...#..... ..... ........
#.#.. .#...... #.#.## ..
........ +....#### ..#
.#.....####### #......##..#.
.#.....#...... #...........#
.......).†.... #....<.....#
.......# #@##)......##.
.......## ##T#...........
........# +..##........#
........# #..........###.
..###...## ##...........#..
###......# #...............
#........## ##...............
.......#..#+#................
#......##.T...#.......#....#.


You could see a troll.

Vanquished Creatures
  A troll (D:6)
  2 ogres
  A phantom (D:4)
  A centaur (D:6)
  2 scorpions (D:5)
  A howler monkey (D:3)
  2 crimson imps
  A hound (D:5)
  A jelly (D:4)
  An orc priest (D:4)
  2 orc wizards
  A bullfrog skeleton (D:5)
  6 worker ants
  A hound skeleton (D:4)
  3 adders
  An adder zombie (D:5)
  2 worms (D:4)
  2 dart slugs (D:1)
  3 leopard geckos
  12 orcs
  8 bats
  10 giant cockroaches
  6 goblins
  5 hobgoblins
  4 jackals (D:4)
  3 quokkas
  A ball python skeleton (D:4)
  5 frilled lizards
  3 kobolds
  A leopard gecko skeleton (D:5)
  8 rats
100 creatures vanquished.

Notes
Turn   | Place    | Note
-------+----------+-------------------------------------------
     0 | D:1      | Nivan the Draconian Conjurer began the quest for the Orb.
     0 | D:1      | Reached XP level 1. HP: 14/14 MP: 3/3
   227 | D:1      | Reached XP level 2. HP: 20/20 MP: 0/5
   871 | D:2      | Reached XP level 3. HP: 26/26 MP: 4/6
   931 | D:2      | Found a shadowy altar of Dithmenos.
  1481 | D:3      | Found a hazy altar of Hepliaklqana.
  1481 | D:3      | Found an opulent altar of Gozag.
  1510 | D:3      | Reached XP level 4. HP: 32/33 MP: 0/8
  1664 | D:3      | Reached skill level 1 in Maces & Flails
  2059 | D:3      | Found a sacrificial altar of Ru.
  2065 | D:3      | Found a basalt altar of Yredelemnul.
  2176 | D:4      | Reached skill level 5 in Conjurations
  2236 | D:4      | Learned a level 2 spell: Searing Ray
  2319 | D:4      | HP: 1/33 [orc wizard/puff of flame (4)]
  2322 | D:4      | Reached XP level 5. HP: 2/38 MP: 0/9
  2637 | D:4      | Found a transporter.
  2674 | D:3      | HP: 1/38 [poisoned by a worker ant]
  3114 | D:4      | Found a staircase to the Ecumenical Temple.
  3123 | Temple   | Entered the Ecumenical Temple
  3209 | Temple   | Became a worshipper of Vehumet
  3673 | D:4      | Found a transporter.
  3679 | D:4      | Noticed a phantom
  3732 | D:3      | Reached skill level 1 in Fighting
  3732 | D:3      | Reached XP level 6. HP: 23/47 MP: 2/11
  4288 | D:4      | Found a stormy altar of Qazlal.
  4393 | D:4      | Found Igiokk's Antique Weapon Shop.
  4502 | D:4      | Found a snail-covered altar of Cheibriados.
  4878 | D:5      | Entered Level 5 of the Dungeon
  5093 | D:5      | Got an ebony quarterstaff
  5094 | D:5      | Identified the +8 quarterstaff of the Dungeon {crush, rElec
                  | rN+ Stlth-} (You found it on level 5 of the Dungeon)
  5143 | D:5      | Your scales start taking on a dull iron-grey colour.
  5143 | D:5      | Reached XP level 7. HP: 50/52 MP: 2/13
  5143 | D:5      | Gained mutation: You can survive without breathing. [Grey
                  | Draconian growth]
  5255 | D:5      | Reached skill level 6 in Conjurations
  5268 | D:5      | Reached * piety under Vehumet
  5268 | D:5      | Offered knowledge of Flame Tongue by Vehumet.
  5428 | D:5      | Found a blossoming altar of Fedhas.
  5601 | D:6      | Reached skill level 5 in Spellcasting
  5654 | D:6      | Reached skill level 1 in Staves
  5660 | D:6      | Noticed a troll
  5662 | D:6      | Noticed a troll
  5668 | D:6      | Reached XP level 8. HP: 62/62 MP: 3/15
  5697 | D:6      | Killed a troll
  5698 | D:6      | HP: 2/62 [troll (18)]
  5698 | D:6      | Mangled by a troll

Levels and vault maps discovered:
D:1:      zaba_arrival_water, layout_loops_cross, kennysheep_small_spiral,
          corner_web_ring, hangedman_abyss_or_decor_lesser_grid,
          minmay_octomino_j4
D:2:      cheibrodos_old_hovel, layout_loops_ring, lemuel_crystal_altar
D:3:      layout_basic, gammafunk_temple_overflow_elements,
          amethyst_overflow_temple_binary, kennysheep_flooded_box
D:4:      gammafunk_steamed_eel, layout_cave_pods, grunt_qazlal_sundering,
          minmay_temple_entry_poolview, serial_shops, shop_fountains,
          chei_slow_surprise
D:5:      layout_gridville, nicolae_overflow_hidden_temple, first_ration
D:6:      layout_cave_pools, nicolae_ashenzari_panopticon, old_standard_altar,
          minmay_divided_ellipse, uniq_blork_the_orc
Temple:   nicolae_temple_figure_zero

Skill      XL: |  1  2  3  4  5  6  7  8 |
---------------+-------------------------+-----
Stealth        | 2 |  2.8
Maces & Flails | 1 2 |  2.8
Dodging        | 2 3 |  3.2
Spellcasting   | 3 4 5 |  5.5
Conjurations   | 5 6 |  6.7
Fighting       | 1 2 |  2.5
Staves         | 1 2 |  2.0

Action                   |  1- 3 |  4- 6 |  7- 9 || total
-------------------------+-------+-------+-------++-------
Melee: Club              |    12 |       |       ||    12
       Tailslap          |     2 |     2 |     2 ||     6
       Mace              |     5 |    36 |       ||    41
       Quarterstaff      |       |     1 |    22 ||    23
 Cast: Magic Dart        |    62 |   105 |    38 ||   205
       Searing Ray       |       |    16 |     5 ||    21
  Use: Scroll            |       |     9 |       ||     9
  Eat: Chunk             |     1 |    22 |     2 ||    25
Armor: Skin              |     4 |    25 |     8 ||    37
Dodge: Dodged            |    21 |    52 |    38 ||   111
